 Dungeon Crawl Stone Soup version 0.31-a0-355-g57cb03d3e8 (webtiles) character file.

Game seed: 2152622286903517696

3165 cforsyth the Prestidigitator (level 9, 0/91 HPs)
             Began as a Gnoll Artificer on July 25, 2023.
             Was a Follower of Hepliaklqana.
             Succumbed to a hornet's poison
             ... on level 8 of the Dungeon.
             The game lasted 00:21:59 (10313 turns).

cforsyth the Prestidigitator (Gnoll Artificer)     Turns: 10313, Time: 00:22:00

Health: 0/91       AC: 18    Str: 12    XL:     9   Next: 94%
Magic:  16/16      EV:  4    Int: 14    God:    Hepliaklqana [*.....]
Gold:   2233       SH:  0    Dex: 13    Spells: 16/17 levels left

rFire   . . .        h - +4 lajatang (speed)
rCold   . . .        (shield currently unavailable)
rNeg    . . .        v - +0 plate armour
rPois   .            c - +2 hat
rElec   .            p - +0 cloak
rCorr   .            B - +1 pair of gloves
SInv    +            (no boots)
Will    .....        (no amulet) Stlth
                     C - ring of see invisible
HPRegen 0.35/turn    (no ring)
MPRegen 0.15/turn

%: no passive effects
@: berserking (expiring), lethally poisoned (0 -> -2), very quick
A: reduced essence, fangs 1, strong nose, distributed training
a: Renounce Religion, Recall Ancestor, Ancestor Identity


You were on level 8 of the Dungeon.
You worshipped Hepliaklqana.
Hepliaklqana was aware of your devotion.
You visited 2 branches of the dungeon, and saw 9 of its levels.

You collected 2233 gold pieces.

Inventory:

Hand Weapons
 a - a +0 club
 h - a +4 lajatang of speed (weapon)
 w - a +0 whip of venom
 x - a +4 whip
 F - a +4 scimitar
 G - a +6 war axe
Missiles
 r - 4 throwing nets
Armour
 b - a +0 leather armour
 c - a +2 hat (worn)
 p - a +0 cloak (worn)
 v - a +0 plate armour (worn)
 B - a +1 pair of gloves (worn)
Jewellery
 C - a ring of see invisible (left hand)
Talismans
 q - a serpent talisman
Scrolls
 g - a scroll of enchant armour
 i - 3 scrolls of amnesia
 t - a scroll of silence
Potions
 z - a potion of magic
 A - a potion of haste


   Skills:
 + Level 5.5 Fighting
 + Level 4.8 Short Blades
 + Level 4.8 Long Blades
 + Level 4.8 Axes
 + Level 4.8 Maces & Flails
 + Level 4.8 Polearms
 + Level 4.8 Staves
 + Level 4.8 Ranged Weapons
 + Level 4.8 Throwing
 + Level 6.7 Armour
 + Level 5.5 Dodging
 + Level 5.4 Stealth
 + Level 4.8 Shields
 + Level 4.8 Unarmed Combat
 + Level 4.8 Spellcasting
 + Level 4.0 Conjurations
 + Level 4.0 Hexes
 + Level 4.0 Summonings
 + Level 4.0 Necromancy
 + Level 4.0 Translocations
 + Level 4.0 Transmutations
 + Level 4.0 Fire Magic
 + Level 4.0 Ice Magic
 + Level 4.0 Air Magic
 + Level 4.0 Earth Magic
 + Level 4.0 Poison Magic
 + Level 5.3 Invocations
 + Level 8.2 Evocations
 + Level 4.0 Shapeshifting


You had 16 spell levels left.
You knew the following spells:

 Your Spells              Type           Power      Damage    Failure   Level
a - Summon Small Mammal   Summ           56%        N/A       99%         1

Your spell library contained the following spells:

 Spells                   Type           Power      Damage    Failure   Level
 Ensorcelled Hibernation  Hex/Ice        28%        N/A       99%         2
 Lesser Beckoning         Tloc           28%        N/A       99%         2
 Passwall                 Tmut/Erth      11%        N/A       99%         2
 Call Canine Familiar     Summ           14%        N/A       100%        3
 Gell's Gravitas          Tloc           14%        N/A       100%        3
 Summon Guardian Golem    Hex/Summ       14%        N/A       100%        3
 Swiftness                Air            14%        N/A       100%        3
 Teleport Other           Tloc           14%        N/A       100%        3


Dungeon Overview and Level Annotations

Branches:
Dungeon (8/15)             Temple (1/1) D:4            Lair (0/5) D:8

Altars:
Ashenzari
Cheibriados
Dithmenos
Elyvilon
Fedhas
Gozag
Hepliaklqana
Kikubaaqudgha
Makhleb
Nemelex Xobeh
Okawaru
Qazlal
Ru
Sif Muna
Trog
Uskayaw
Vehumet
Wu Jian
Xom
Zin
The Shining One

Shops:
D:1 (   D:4 *   D:8 *

Annotations:
Temple 2 transporters


Innate Abilities, Weirdness & Mutations

Your life essence is reduced to manifest your ancestor. (-10% HP)
You have very sharp teeth.
Your uncanny sense of smell can sniff out nearby items.
Your experience applies equally to all skills.


Message History

Orders for allies: a - Attack new target. r - Retreat! s - Stop attacking. g - Guard the area. f - Follow me.
Anything else - Cancel.
Follow me!
The hornet is no longer charmed.
The hornet stings you but does no damage.
Okay, then.
Unknown command.
Aiming: Charm
Press: ? - help, Shift-Dir - straight line, f - hornet
Aim: a hornet (chance to affect: 59%)
The hornet resists with significant effort.
The hornet stings you.
* * * LOW HITPOINT WARNING * * *
You are lethally poisoned!
You feel yourself slow down.
Wystan hits the hornet!
Aiming: Charm
Press: ? - help, Shift-Dir - straight line, f/p - hornet
Aim: a hornet (moderately wounded, ally target, chance to affect: 59%)
The hornet is charmed.
The now-empty wand crumbles to dust.
* * * LOW HITPOINT WARNING * * *
You feel very sick.
Okay, then.
Unknown command.
You feel yourself speed up.
* * * LOW HITPOINT WARNING * * *
You feel very sick.
* * * LOW HITPOINT WARNING * * *
You feel sick.
* * * LOW HITPOINT WARNING * * *
You feel sick.
A red film seems to cover your vision as you go berserk!
You feel yourself moving faster!
You feel mighty!
* * * LOW HITPOINT WARNING * * *
You feel sick.
Unknown command.
Unknown command.
You feel a strong urge to attack something.
You die...

###..... ~.# .#....... #..~
####~. .......... ....~~≈~~≈≈.
.##..#.... #............ #..##...
#...........# ... #...
#........#..## .... #...
##........#...###.......#...
#..........@..#.............
##........P..............#...
#........P.Ry............#..# #
##.....................##... #.#
##.).....................###.
#...#...........P...........####.
...........####..P........)......
...........#.>#...P.....###......
...........#.$#..P......###.....#


You could see the friendly Wystan the ancestor and a friendly hornet (charmed).

Vanquished Creatures
  A spriggan (D:8)
  A yak (D:8)
  A steam dragon (D:8)
  A water moccasin (D:8)
  An ice beast (D:6)
  3 black bears
  A centaur (D:6)
  A bullfrog (D:6)
  Blork the orc (D:4)
  A scorpion (D:8)
  5 wights (D:7)
  A howler monkey (D:8)
  3 gnoll boudas
  5 orc priests
  5 hounds
  5 jellies
  An iguana (D:6)
  3 sleepcaps
  3 orc wizards
  15 gnolls
  An adder (D:6)
  2 shadow imps
  4 white imps
  A dart slug (D:2)
  15 orcs
  5 ball pythons
  4 bats
  8 endoplasms
  A giant cockroach (D:2)
  7 goblins
  3 hobgoblins
  3 jackals (D:2)
  4 kobolds
  4 quokkas
  5 frilled lizards
  7 rats
132 creatures vanquished.

Vanquished Creatures (collateral kills)
  A komodo dragon (D:8)
  2 yaks (D:8)
  A centaur (D:8)
  2 howler monkeys (D:8)
  An orc priest (D:8)
  2 orcs (D:8)
  2 goblins (D:8)
11 creatures vanquished.

Vanquished Creatures (others)
  2 orc warriors (D:8)
  A black bear (D:8)
  An ancestor (D:8)
4 creatures vanquished.

Grand Total: 147 creatures vanquished

Notes
Turn   | Place    | Note
-------+----------+-------------------------------------------
     0 | D:1      | cforsyth the Gnoll Artificer began the quest for the Orb.
     0 | D:1      | Reached XP level 1. HP: 17/17 MP: 1/1
   289 | D:1      | Reached XP level 2. HP: 23/23 MP: 2/2
   691 | D:1      | Found Wujeosant's Antique Weapon Shoppe.
  1435 | D:2      | Reached XP level 3. HP: 27/28 MP: 3/3
  1437 | D:2      | Learned a level 1 spell: Summon Small Mammal
  1917 | D:3      | Reached skill level 1 in Invocations
  2194 | D:3      | Reached skill level 1 in Short Blades
  2194 | D:3      | Reached skill level 1 in Long Blades
  2194 | D:3      | Reached skill level 1 in Axes
  2194 | D:3      | Reached skill level 1 in Maces & Flails
  2194 | D:3      | Reached skill level 1 in Polearms
  2194 | D:3      | Reached skill level 1 in Staves
  2194 | D:3      | Reached skill level 1 in Ranged Weapons
  2194 | D:3      | Reached skill level 1 in Throwing
  2194 | D:3      | Reached skill level 1 in Shields
  2194 | D:3      | Reached skill level 1 in Unarmed Combat
  2194 | D:3      | Reached skill level 1 in Spellcasting
  2237 | D:3      | Reached XP level 4. HP: 34/34 MP: 5/5
  2557 | D:3      | Found a faded altar of an unknown god.
  3118 | D:3      | Reached skill level 1 in Conjurations
  3118 | D:3      | Reached skill level 1 in Hexes
  3118 | D:3      | Reached skill level 1 in Summonings
  3118 | D:3      | Reached skill level 1 in Necromancy
  3118 | D:3      | Reached skill level 1 in Translocations
  3118 | D:3      | Reached skill level 1 in Transmutations
  3118 | D:3      | Reached skill level 1 in Fire Magic
  3118 | D:3      | Reached skill level 1 in Ice Magic
  3118 | D:3      | Reached skill level 1 in Air Magic
  3118 | D:3      | Reached skill level 1 in Earth Magic
  3118 | D:3      | Reached skill level 1 in Poison Magic
  3118 | D:3      | Reached skill level 1 in Shapeshifting
  3406 | D:3      | Found a faded altar of an unknown god.
  3885 | D:4      | Reached XP level 5. HP: 40/40 MP: 5/7
  4203 | D:4      | Noticed Blork the orc
  4215 | D:4      | Killed Blork the orc
  4216 | D:4      | Reached XP level 6. HP: 12/47 MP: 8/8
  4542 | D:4      | Found Ea-nāṣir's Fine Metal Goods.
  4677 | D:4      | Reached skill level 5 in Armour
  4981 | D:4      | Found a staircase to the Ecumenical Temple.
  5467 | D:5      | Entered Level 5 of the Dungeon
  6111 | D:5      | Noticed a black bear
  6115 | D:5      | Killed a black bear
  6116 | D:5      | Reached skill level 7 in Evocations
  6116 | D:5      | Reached XP level 7. HP: 52/52 MP: 10/10
  7856 | D:6      | Reached XP level 8. HP: 55/60 MP: 12/12
  8049 | D:6      | Found a white marble altar of Elyvilon.
  8049 | D:6      | Found an opulent altar of Gozag.
  8050 | D:6      | Found a blossoming altar of Fedhas.
  8371 | Temple   | Found a transporter.
  8371 | Temple   | Found a transporter.
  8371 | Temple   | Found a transporter.
  8371 | Temple   | Found a transporter.
  8371 | Temple   | Entered the Ecumenical Temple
  8384 | Temple   | Became a worshipper of Hepliaklqana the Forgotten
  9584 | D:7      | Reached XP level 9. HP: 49/64 MP: 14/14
  9873 | D:8      | Identified 3 scrolls of acquirement
  9873 | D:8      | Acquired 772 gold pieces
  9874 | D:8      | Acquired 1045 gold pieces
  9878 | D:7      | Acquired a +3 lajatang of speed
  9943 | D:8      | Reached skill level 5 in Fighting
  9943 | D:8      | Reached skill level 5 in Dodging
 10019 | D:8      | Noticed a komodo dragon
 10054 | D:8      | Reached skill level 5 in Stealth
 10057 | D:8      | Found Zin's Purification Station.
 10060 | D:8      | Found a glowing silver altar of Zin.
 10063 | D:8      | Noticed a hornet
 10071 | D:8      | Killed a komodo dragon
 10072 | D:8      | Reached skill level 8 in Evocations
 10081 | D:8      | Reached * piety under Hepliaklqana
 10174 | D:8      | Reached skill level 5 in Invocations
 10265 | D:8      | Found a staircase to the Lair.
 10308 | D:8      | HP: 3/61 [poisoned by a hornet]
 10310 | D:8      | HP: 1/61 [poisoned by a hornet]
 10313 | D:8      | Succumbed to a hornet's poison

Illustrated notes

Levels and vault maps discovered:
D:1:      zaba_arrival_water, layout_loops_corners, serial_shops, shop,
          minmay_misc_feat_doors, minmay_curled_crystal
D:2:      layout_loops_ring, minmay_split_cup_large
D:3:      layout_basic, shapermc_ecumenical_altar_mp_highgroup
D:4:      layout_basic, minmay_temple_entry_hall,
          nicolae_ea-nasir_strikes_again, uniq_blork_the_orc
D:5:      layout_loops_corners
D:6:      layout_loops_ring, chequers_temple_overflow_statue_of_worship
D:7:      layout_basic, nicolae_fountain_basement
D:8:      layout_cave_pools, zin_purify, grunt_lair_entry_orc_guard_hut,
          enter_bailey_3, the_hattery
Temple:   hellmonk_temple_divided_pantheon

Skill      XL: |  1  2  3  4  5  6  7  8  9 |
---------------+----------------------------+-----
Invocations    | 1 2 3 4 5 |  5.3
Short Blades   | 1 2 3 4 |  4.8
Long Blades    | 1 2 3 4 |  4.8
Axes           | 1 2 3 4 |  4.8
Maces & Flails | 1 2 3 4 |  4.8
Polearms       | 1 2 3 4 |  4.8
Staves         | 1 2 3 4 |  4.8
Ranged Weapons | 1 2 3 4 |  4.8
Throwing       | 1 2 3 4 |  4.8
Shields        | 1 2 3 4 |  4.8
Unarmed Combat | 1 2 3 4 |  4.8
Spellcasting   | 1 2 3 4 |  4.8
Conjurations   | 1 2 3 4 |  4.0
Hexes          | 1 2 3 4 |  4.0
Summonings     | 1 2 3 4 |  4.0
Necromancy     | 1 2 3 4 |  4.0
Translocations | 1 2 3 4 |  4.0
Transmutations | 1 2 3 4 |  4.0
Fire Magic     | 1 2 3 4 |  4.0
Ice Magic      | 1 2 3 4 |  4.0
Air Magic      | 1 2 3 4 |  4.0
Earth Magic    | 1 2 3 4 |  4.0
Poison Magic   | 1 2 3 4 |  4.0
Shapeshifting  | 1 2 3 4 |  4.0
Fighting       | 3 4 5 |  5.5
Dodging        | 3 4 5 |  5.5
Stealth        | 3 4 5 |  5.4
Armour         | 5 6 |  6.7
Evocations     | 7 8 |  8.2

Action                     |  1- 3 |  4- 6 |  7- 9 || total
---------------------------+-------+-------+-------++-------
  Melee: Club              |   208 |   162 |       ||   370
         Bite              |    18 |    20 |    45 ||    83
         Punch             |     3 |     3 |    11 ||    17
         Whip              |       |     1 |   289 ||   290
         Lajatang          |       |       |    51 ||    51
  Evoke: Wand              |     6 |    18 |    20 ||    44
    Use: Scroll            |       |       |    21 ||    21
         Potion            |       |       |     6 ||     6
   Stab: Distracted        |     1 |       |     1 ||     2
 Armour: Leather armour    |   118 |    13 |       ||   131
         Plate armour      |       |    52 |   299 ||   351
  Dodge: Dodged            |   241 |    82 |    60 ||   383

Table legend: (Time is in decaauts)
 A = Elapsed time spent in this place.
 B = Non-inter-level travel time spent in this place.
 C = Inter-level travel time spent in this place.
 D = Time resting spent in this place.
 E = Time spent auto-exploring this place.
 F = Levels seen in this place.
 G = Mean time per level.
                   A        B        C        D        E       F      G
               +--------+--------+--------+--------+--------+-----+--------+
         Total |  10404 |   9770 |    634 |   1587 |   6028 |   9 | 1156.0 |
       Dungeon |  10376 |   9754 |    622 |   1587 |   6028 |   8 | 1297.0 |
        Temple |     27 |     15 |     12 |      0 |      0 |   1 |   27.0 |
               +--------+--------+--------+--------+--------+-----+--------+

Top non-repeatable levels by time:
     D:4: 2238 daAuts
     D:3: 2027 daAuts
     D:5: 1723 daAuts
     D:2: 1164 daAuts
     D:6: 1137 daAuts
     D:1: 978 daAuts
     D:7: 680 daAuts
     D:8: 427 daAuts
  Temple: 27 daAuts
